 Dungeon Crawl Stone Soup version 0.29-a0-323-g050149af67 (webtiles) character file.

Game seed: 4906642525470474742

235 Ajdolov the Firebug (level 5, 0/38 HPs)
             Began as a Demigod Fire Elementalist on Apr 10, 2022.
             Slain by a gnoll
             ... wielding a +0 whip
              (6 damage)
             ... on level 4 of the Dungeon.
             The game lasted 00:05:49 (4870 turns).

Ajdolov the Firebug (Demigod Fire Elementalist)     Turns: 4870, Time: 00:05:49

Health: 0/38       AC:  5    Str:  9    XL:     5   Next: 47%
Magic:  3/12       EV: 12    Int: 21    God:
Gold:   118        SH:  0    Dex: 14    Spells: 7/10 levels left

rFire   . . .      SeeInvis .   c - +0 dagger
rCold   . . .      Faith    .   (no shield)
rNeg    . . .      Spirit   .   a - +0 robe
rPois   +          Reflect  .   (no helmet)
rElec   .          Harm     .   (no cloak)
rCorr   .          Rampage  .   d - +2 pair of gloves {hurl}
Will    .....                   (no boots)
Stlth   ++........              (no amulet)
HPRegen 0.12/turn               y - ring of poison resistance
MPRegen 0.13/turn               (no ring)

@: no status effects
A: high MP 1, forlorn, divine attributes
a: no special abilities


You were on level 4 of the Dungeon.
You visited 1 branch of the dungeon, and saw 4 of its levels.

You collected 118 gold pieces.

Inventory:

Hand Weapons
 c - a +0 dagger (weapon)
Armour
 a - a +0 robe (worn)
 d - a +2 pair of gloves of hurling (worn)
 u - the +2 pair of gloves of Eternity {rC- Will+ Str+8}
   (You found it on level 2 of the Dungeon)

   Str:       It affects your strength (+8).
   rC:        It makes you vulnerable to cold.
   Will:      It increases your willpower.
Jewellery
 y - a ring of poison resistance (left hand)
Wands
 x - a wand of paralysis (1)
Scrolls
 b - 2 scrolls of immolation {unknown}
 e - 3 scrolls of magic mapping {unknown}
 f - a scroll of silence {unknown}
 g - 10 scrolls of identify {unknown}
 h - a scroll of fog {unknown}
 k - a scroll of amnesia {unknown}
 n - a scroll of torment {unknown}
 r - a scroll of teleportation {unknown}
 v - a scroll of vulnerability {unknown}
 z - a scroll of fear {unknown}
Potions
 i - a potion of flight {unknown}
 j - 2 potions of heal wounds {unknown}
 l - 3 potions of lignification
 m - 2 potions of mutation {unknown}
 o - a potion of attraction {unknown}
 p - a potion of resistance {unknown}
 q - a potion of degeneration {unknown}
 s - a potion of curing {unknown}
 t - a potion of invisibility
 w - a potion of cancellation {unknown}


   Skills:
 - Level 1.7 Dodging
 - Level 1.7 Stealth
 + Level 3.2 Spellcasting
 - Level 0.8 Conjurations
 * Level 5.1 Fire Magic


You had 7 spell levels left.
You knew the following spells:

 Your Spells              Type           Power      Damage    Failure   Level
a - Foxfire               Conj/Fire      64%        2x1d7     3%          1
b - Scorch                Fire           50%        2d8       2%          2

Your spell library contained the following spells:

 Spells                   Type           Power      Damage    Failure   Level
 Conjure Flame            Conj/Fire      16%        6-21      12%         3
 Inner Flame              Hex/Fire       14%        N/A       14%         3
 Flame Wave               Conj/Fire      16%        2d6       36%         4


Dungeon Overview and Level Annotations

Branches:
Dungeon (4/15)
 Temple: D:4-7


Innate Abilities, Weirdness & Mutations

You have an increased reservoir of magic. (+10% MP)
You shall have no god before yourself.
Your divine heritage dramatically boosts your attributes as you level up.


Message History

The gnoll is almost dead.
The gnoll's fire resistance burns away.
The gnoll hits you from afar with a +0 spear!
Flames lash the gnoll.
The gnoll is burned terribly!
You kill the gnoll!
A gnoll comes into view. It is wielding a +0 flail.
Flames lash the gnoll.
The gnoll is moderately wounded.
The gnoll's fire resistance burns away.
A gnoll comes into view. It is wielding a +0 whip.
The gnoll attacks as you move away! The gnoll misses you.
The gnoll attacks as you move away! The gnoll hits you with a +0 whip.
The gnoll is no longer more vulnerable to fire.
The gnoll attacks as you move away! The gnoll hits you with a +0 whip.
You see here a +0 short sword.
The gnoll attacks as you move away! The gnoll misses you.
You hit the gnoll but do no damage.
The gnoll is moderately wounded.
The gnoll closely misses you.
Casting: Scorch (safe; 2% risk of failure)
Confirm with . or Enter, or press ? or * to list all spells.
Okay, then.
You are too injured to fight recklessly!
Unknown command.
You hit the gnoll.
The gnoll is heavily wounded.
The gnoll hits you with a +0 whip.
* * * LOW HITPOINT WARNING * * *
You hit the gnoll.
The gnoll is severely wounded.
The gnoll hits you with a +0 whip.
* * * LOW HITPOINT WARNING * * *
You hit the gnoll but do no damage.
The gnoll is severely wounded.
The gnoll hits you with a +0 whip.
* * * LOW HITPOINT WARNING * * *
You hit the gnoll.
The gnoll is almost dead.
The gnoll hits you with a +0 whip.
You die...

#.# ###.######
#.##########.##...#
..................#
#.##########.##...#
#.# #.###.## #.#
#.# #)# #.# #รท#
#g# ..# ######.#
#g#
#######...##.###@#
)................#
#######...####.(##
##.## #..# #.# #..#
#.# #..##### #.#
#......# #.#
##.###.# #.# #.#
#.#


You could see 2 gnolls.

Vanquished Creatures
  A hound (D:4)
  A gnoll shaman (D:4)
  An orc wizard (D:3)
  6 adders
  A gnoll (D:4)
  2 dart slugs
  9 orcs
  8 ball pythons
  3 bats (D:1)
  5 endoplasms
  5 giant cockroaches
  13 goblins
  3 hobgoblins
  7 quokkas
  2 frilled lizards (D:1)
  3 kobolds
  4 rats
74 creatures vanquished.

Vanquished Creatures (others)
  68 foxfires
68 creatures vanquished.

Grand Total: 142 creatures vanquished

Notes
Turn   | Place    | Note
-------+----------+-------------------------------------------
     0 | D:1      | Ajdolov the Demigod Fire Elementalist began the quest for
                  | the Orb.
     0 | D:1      | Reached XP level 1. HP: 14/14 MP: 5/5
   431 | D:1      | Reached skill level 3 in Fire Magic
   985 | D:1      | Reached XP level 2. HP: 19/20 MP: 5/7
   988 | D:1      | Learned a level 2 spell: Scorch
  1855 | D:2      | Reached XP level 3. HP: 26/26 MP: 7/9
  2449 | D:2      | Reached skill level 4 in Fire Magic
  2624 | D:2      | Identified the +2 pair of gloves of Eternity {rC- Will+
                  | Str+8}
  2640 | D:2      | Reached XP level 4. HP: 33/33 MP: 7/10
  2912 | D:2      | Identified the +11 hand axe "Gigriw" {vorpal, Fly rF- Will+
                  | rCorr}
  3333 | D:3      | Paralysed by an orc for 3 turns
  3384 | D:3      | HP: 2/49 [poisoned by an adder]
  3397 | D:3      | HP: 2/49 [orc wizard/+0 dagger (2)]
  4499 | D:4      | Reached XP level 5. HP: 38/38 MP: 7/12
  4850 | D:4      | Reached skill level 5 in Fire Magic
  4870 | D:4      | Slain by a gnoll

Illustrated notes

Levels and vault maps discovered:
D:1:      dreamdust_arrival_beginning_and_end, layout_loops_corners
D:2:      layout_loops_corners, dreamdust_princess_corridor, minmay_tromino_v2
D:3:      layout_loops_ring, mainiacjoe_overflow_alcove_4,
          mainiacjoe_overflow_six_doors_small, minivault_23
D:4:      layout_loops_ring, kennysheep_okawaru_gauntlet

Skill      XL: |  1  2  3  4  5 |
---------------+----------------+-----
Fire Magic     | 3 4 5 |  5.1
Spellcasting   | 2 3 |  3.2
Dodging        | |  1.7
Stealth        | |  1.7
Conjurations   | |  0.8

Action                   |  1- 3 |  4- 6 || total
-------------------------+-------+-------++-------
Melee: Dagger            |    18 |    28 ||    46
       Unarmed           |     2 |       ||     2
 Cast: Foxfire           |    38 |       ||    38
       Scorch            |    19 |    46 ||    65
  Use: Potion            |       |     3 ||     3
 Stab: Invisible         |       |     3 ||     3
Armor: Robe              |    16 |     8 ||    24
       Skin              |       |    21 ||    21
Dodge: Dodged            |    29 |    36 ||    65

Table legend: (Time is in decaauts)
 A = Elapsed time spent in this place.
 B = Non-inter-level travel time spent in this place.
 C = Inter-level travel time spent in this place.
 D = Time resting spent in this place.
 E = Time spent auto-exploring this place.
 F = Levels seen in this place.
 G = Mean time per level.
                   A        B        C        D        E       F      G
               +--------+--------+--------+--------+--------+-----+--------+
         Total |   4868 |   4761 |    107 |    845 |   3368 |   4 | 1217.0 |
       Dungeon |   4868 |   4761 |    107 |    845 |   3368 |   4 | 1217.0 |
               +--------+--------+--------+--------+--------+-----+--------+

Top non-repeatable levels by time:
     D:1: 1726 daAuts
     D:2: 1440 daAuts
     D:3: 1089 daAuts
     D:4: 611 daAuts
